 Dungeon Crawl Stone Soup version 0.32-a0-135-g14f8b2e1af (webtiles) character file.

Game seed: 3794836857954729360

942 EC1 the Chopper (level 7, -1/61 HPs)
             Began as a Minotaur Fighter on Feb 10, 2024.
             Was an Initiate of Makhleb.
             Killed by divine providence
             ... invoked by an orc priest
              (10 damage)
             ... on level 5 of the Dungeon on Feb 11, 2024.
             The game lasted 00:07:01 (4113 turns).

EC1 the Chopper (Minotaur Fighter)                  Turns: 4113, Time: 00:07:01

Health: -1/61      AC: 12    Str: 23    XL:     7   Next: 88%
Magic:  6/6        EV:  7    Int:  5    God:    Makhleb [......]
Gold:   251        SH:  5    Dex:  9    Spells: 6/6 levels left

rFire   . . .        a - +1 war axe (venom)
rCold   . . .        c - +1 buckler
rNeg    . . .        u - +0 plate armour
rPois   .            (helmet restricted)
rElec   .            (no cloak)
rCorr   .            (no gloves)
SInv    .            (no boots)
Will    +....        (no amulet) Stlth
                     (no ring)
HPRegen 0.30/turn    (no ring)
MPRegen 0.10/turn

%: no passive effects
@: enlightened, flying
A: horns 2, retaliatory headbutt
a: Renounce Religion


You were on level 5 of the Dungeon.
You worshipped Makhleb.
Makhleb was noncommittal.
You visited 1 branch of the dungeon, and saw 5 of its levels.

You collected 251 gold pieces.

Inventory:

Hand Weapons
 a - a +1 war axe of venom (weapon)
 e - a +0 dagger of venom
 j - a +0 spear
 n - a +0 war axe
Armour
 b - a +0 scale mail
 c - a +1 buckler (worn)
 k - a +0 animal skin
 u - a +0 plate armour (worn)
Jewellery
 t - a ring of resist corrosion
Wands
 l - a wand of flame (6)
Scrolls
 f - 3 scrolls of amnesia
 h - a scroll of torment
 i - a scroll of teleportation
 o - a scroll of enchant weapon
 q - a scroll of poison
 r - a scroll of noise
 w - a scroll of butterflies {unknown}
Potions
 d - a potion of might
 m - a potion of magic
 p - 2 potions of attraction
 s - a potion of lignification
 v - a potion of haste {unknown}


   Skills:
 + Level 5.5 Fighting
 + Level 7.1 Axes
 + Level 6.5 Armour
 + Level 2.1 Dodging
 + Level 0.6 Stealth
 + Level 5.3 Shields


You had 6 spell levels left.
You didn't know any spells.
Your spell library contained the following spells:

 Spells                   Type           Power      Damage    Failure   Level
 Call Canine Familiar     Summ           0%         N/A       100%        3
 Mephitic Cloud           Conj/Alch/Air  0%         N/A       100%        3
 Ozocubu's Armour         Ice            0%         N/A       100%        3
 Sigil of Binding         Hex            0%         N/A       100%        3
 Volatile Blastmotes      Fire/Tloc      0%         2d10      100%        3
 Dimensional Bullseye     Hex/Tloc       0%         N/A       100%        4
 Fulminant Prism          Conj/Alch      0%         3d5       100%        4
 Iskenderun's Mystic Bla  Conj/Tloc      0%         2d3       100%        4
 Metabolic Englaciation   Hex/Ice        0%         N/A       100%        5
 Sculpt Simulacrum        Ice/Alch       0%         N/A       100%        6
 Lehudib's Crystal Spear  Conj/Erth      0%         10d2      100%        8


Dungeon Overview and Level Annotations

Branches:
Dungeon (5/15)
 Temple: D:4-7

Altars:
Makhleb
Vehumet
Yredelemnul

Shops:
D:1 *


Innate Abilities, Weirdness & Mutations

You have a pair of horns on your head.
You reflexively headbutt those who attack you in melee.


Message History

You hear some strange, mumbled words.
Something tries to affect you, but you resist.
The orc hits you from afar with a +0 trident.
Your Shields skill increases to level 5!
You barely miss something. Your headbutt misses something.
The orc hits you from afar with a +0 trident.
You hear some strange, mumbled words.
A puff of flame appears from out of thin air!
The puff of flame hits you.
You barely miss something. You block the orc's attack.
You hear some strange, mumbled words.
A magic dart appears from out of thin air!
The magic dart hits you.
The orc hits you from afar with a +0 trident.
You barely miss something. Your headbutt misses something.
Something hits you but does no damage.
The orc hits you from afar with a +0 trident.
You closely miss something. Your headbutt misses something.
You hear some strange, mumbled words.
Something tries to affect you, but you resist.
The orc hits you from afar with a +0 trident.
You miss something. Your headbutt misses something.
Something hits you but does no damage.
The orc priest mumbles some strange prayers to Beogh against you.
Beogh smites you! The orc barely misses you.
Something hits you but does no damage.
You closely miss something. The orc barely misses you.
Something hits you but does no damage.
You hit something. Your headbutt misses something. The orc barely misses you.
Something hits you but does no damage.
The orc priest invokes the aid of Beogh against you.
Beogh smites you!
* * * LOW HITPOINT WARNING * * *
The orc hits you from afar with a +0 trident.
* * * LOW HITPOINT WARNING * * *
You feel very buoyant.
You fly up into the air.
Something hits you but does no damage.
The orc priest calls down the wrath of Beogh upon you.
Beogh smites you!
You die...

### #.# #.# #.#
#.#
#######.#######
...............
#######<#######
#@# #####{#
#...ho####
.##...ooo..#
.....hfo##.#
.###.##h##.#
.......o...#
W###.##.####
......†)...o.o.


You could see a sleepcap, an orc priest, 5 orcs and 3 jackals.

Vanquished Creatures
  Sigmund (D:4)
  Menkaure (D:4)
  3 phantoms
  A scorpion (D:5)
  A crimson imp (D:3)
  A bombardier beetle (D:3)
  2 orc priests
  A jelly (D:4)
  Ijyb (D:3)
  2 orc wizards
  Robin (D:2)
  10 adders
  2 dart slugs (D:2)
  5 orcs
  5 ball pythons
  6 bats
  4 endoplasms
  8 giant cockroaches
  15 goblins
  3 hobgoblins
  A quokka (D:4)
  2 frilled lizards (D:2)
  3 kobolds
  8 rats
87 creatures vanquished.

Notes
Turn   | Place    | Note
-------+----------+-------------------------------------------
     0 | D:1      | EC1 the Minotaur Fighter began the quest for the Orb.
     0 | D:1      | Reached XP level 1. HP: 19/19 MP: 0/0
   347 | D:1      | Reached XP level 2. HP: 27/27 MP: 1/1
   522 | D:1      | Found Tyhethy's Assorted Antiques.
  1061 | D:2      | Reached XP level 3. HP: 33/33 MP: 2/2
  1082 | D:2      | Reached skill level 3 in Axes
  1099 | D:2      | Noticed Robin
  1460 | D:2      | Killed Robin
  1476 | D:2      | Reached XP level 4. HP: 26/40 MP: 3/3
  2275 | D:3      | Reached skill level 4 in Axes
  2545 | D:3      | Noticed Ijyb
  2564 | D:3      | Killed Ijyb
  2565 | D:3      | Reached XP level 5. HP: 22/47 MP: 4/4
  2784 | D:3      | Noticed a phantom
  2793 | D:3      | Killed a phantom
  2794 | D:3      | Reached skill level 5 in Armour
  2794 | D:3      | Reached skill level 1 in Dodging
  2873 | D:3      | Found a burning altar of Makhleb.
  2874 | D:3      | Found a radiant altar of Vehumet.
  2878 | D:3      | Reached skill level 5 in Axes
  2878 | D:3      | Reached XP level 6. HP: 53/53 MP: 5/5
  2887 | D:3      | Became a worshipper of Makhleb the Destroyer
  3174 | D:4      | Got Pujeu's Tome of Conjury and Hoarfrost
  3425 | D:4      | Noticed Sigmund
  3437 | D:4      | Killed Sigmund
  3438 | D:4      | Reached skill level 5 in Fighting
  3630 | D:4      | Noticed Menkaure
  3639 | D:4      | Found a basalt altar of Yredelemnul.
  3643 | D:4      | Killed Menkaure
  3644 | D:4      | Reached skill level 6 in Axes
  3644 | D:4      | Reached XP level 7. HP: 58/61 MP: 6/6
  4063 | D:5      | Entered Level 5 of the Dungeon
  4105 | D:5      | Reached skill level 7 in Axes
  4106 | D:5      | Reached skill level 5 in Shields
  4113 | D:5      | Killed from afar by an orc priest

Illustrated notes

Levels and vault maps discovered:
D:1:      dpeg_arrival_circle_labyrinth_b, layout_basic, serial_shops, shop
D:2:      layout_basic, kennysheep_generic_room_3, uniq_robin
D:3:      layout_basic, grunt_temple_overflow_lords_of_destruction, uniq_ijyb
D:4:      layout_cave_pods, mainiacjoe_overflow_catwalk, minmay_misc_feat_cross,
          uniq_menkaure, uniq_sigmund
D:5:      layout_basic, minmay_temple_entry_arrows

Skill      XL: |  1  2  3  4  5  6  7 |
---------------+----------------------+-----
Armour         | 4 5 6 |  6.5
Fighting       | 4 5 |  5.5
Axes           | 3 4 5 6 7 |  7.1
Shields        | 4 5 |  5.3
Dodging        | 1 2 |  2.1
Stealth        | |  0.6

Action                     |  1- 3 |  4- 6 |  7- 9 || total
---------------------------+-------+-------+-------++-------
  Melee: War axe           |    83 |    77 |    40 ||   200
         Headbutt          |     6 |    14 |     5 ||    25
    Use: Scroll            |       |    14 |       ||    14
         Potion            |       |     2 |     1 ||     3
 Armour: Scale mail        |    86 |    51 |       ||   137
         Plate armour      |       |       |    39 ||    39
  Dodge: Dodged            |    39 |    34 |    15 ||    88
  Block: Buckler           |    20 |    20 |     7 ||    47

Table legend: (Time is in decaauts)
 A = Elapsed time spent in this place.
 B = Non-inter-level travel time spent in this place.
 C = Inter-level travel time spent in this place.
 D = Time resting spent in this place.
 E = Time spent auto-exploring this place.
 F = Levels seen in this place.
 G = Mean time per level.
                   A        B        C        D        E       F      G
               +--------+--------+--------+--------+--------+-----+--------+
         Total |   4178 |   4143 |     35 |    593 |   2689 |   5 |  835.6 |
       Dungeon |   4178 |   4143 |     35 |    593 |   2689 |   5 |  835.6 |
               +--------+--------+--------+--------+--------+-----+--------+

Top non-repeatable levels by time:
     D:1: 1384 daAuts
     D:4: 1096 daAuts
     D:2: 900 daAuts
     D:3: 741 daAuts
     D:5: 56 daAuts
